[Event "Titled Tuesday Blitz September 28 2021"]
[White "Maksimenko, Viktor"]
[Black "Perez Ponsa, Federico"]
[WhiteFideId "13710478"]
[BlackFideId "117927"]
[WhiteElo "2269"]
[BlackElo "2672"]
[Result "0-1"]
[Round "02"]
[TimeControl "180+1"]
[Date "2021.09.28"]
[WhiteClock "0:00:54"]
[BlackClock "0:01:37"]

1. d4 Nf6 2. c4 e6 3. Nf3 d5 4. g3 Be7 5. Bg2 O-O 6. O-O dxc4 7. Qc2 a6 8. a4 Bd7 9. Qxc4 Bc6 10. Bf4 Nbd7 11. Qc1 Bd6 12. Nc3 a5 13. Re1 Qe7 14. e4 Bxf4 15. Qxf4 Qb4 16. Re2 Nb6 17. Ne5 Qxd4 18. Nxc6 bxc6 19. Ree1 e5 20. Qf3 Rab8 21. Rad1 Qb4 22. Re2 Nxa4 23. Nxa4 Qxa4 24. Rc1 Rfd8 25. Rec2 Rd6 26. h3 h6 27. Kh2 Rb3 28. Qe2 Qb5 29. Qxb5 cxb5 30. Rxc7 Rxb2 31. Kg1 a4 32. Ra7 Rdd2 33. Rcc7 Rxf2 34. Bf1 Nh5 35. Rab7 Nxg3 36. Bxb5 Rg2# 0-1


[Site "https://www.chess.com"]

[Event "Titled Tuesday Blitz September 28 2021"]
[White "Manafov, Vugar"]
[Black "Aghasiyev, Kamal"]
[WhiteFideId "13410814"]
[BlackFideId "13402854"]
[WhiteElo "2274"]
[BlackElo "2210"]
[Result "0-1"]
[Round "02"]
[TimeControl "180+1"]
[Date "2021.09.28"]
[WhiteClock "0:00:02"]
[BlackClock "0:00:09"]

1. d4 d5 2. c4 e6 3. Nc3 Nf6 4. Nf3 Be7 5. Bf4 O-O 6. e3 b6 7. cxd5 Nxd5 8. Nxd5 Qxd5 9. Bd3 Qa5+ 10. Nd2 Ba6 11. Bxa6 Nxa6 12. O-O c5 13. Nb3 Qa4 14. Qg4 Bf6 15. Qg3 cxd4 16. Nxd4 Nc5 17. b3 Qa6 18. Rfd1 Ne4 19. Qf3 Nc3 20. Rd2 e5 21. Rc1 exd4 22. exd4 Nb5 23. Qd3 Qa3 24. Rc6 Rae8 25. h3 Qb4 26. Rxf6 gxf6 27. Bh6 Kh8 28. Qf5 Qd6 29. g3 Rg8 30. Rd3 Nxd4 31. Qh5 Qe5 32. Qh4 Qe1+ 33. Kg2 Qe4+ 34. Qxe4 Rxe4 35. Be3 Nf5 36. Bd2 Rd4 37. Rxd4 Nxd4 38. Bc3 Rd8 39. Bb4 Kg7 40. Be7 Rd7 41. Bb4 Ne6 42. Bc3 a5 43. g4 Kg6 44. h4 f5 45. g5 Nf4+ 46. Kf3 Rd3+ 0-1


[Site "https://www.chess.com"]

[Event "Titled Tuesday Blitz September 28 2021"]
[White "Manukyan, Artyom"]
[Black "Pridorozhni, Aleksei"]
[WhiteFideId "13305786"]
[BlackFideId "4127870"]
[WhiteElo "2034"]
[BlackElo "2565"]
[Result "1-0"]
[Round "02"]
[TimeControl "180+1"]
[Date "2021.09.28"]
[WhiteClock "0:00:31"]
[BlackClock "0:00:02"]

1. e4 c5 2. Nc3 Nc6 3. Bb5 Nd4 4. Nf3 e6 5. O-O a6 6. Bd3 Nc6 7. b3 d6 8. Bb2 Nf6 9. Re1 Be7 10. e5 dxe5 11. Nxe5 Nxe5 12. Rxe5 O-O 13. Qf3 h6 14. Rae1 Ra7 15. Ne4 b6 16. Qh3 Rd7 17. Ng3 Rxd3 18. cxd3 Qxd3 19. Nf5 Qd8 20. Nxh6+ gxh6 21. Qxh6 Qxd2 22. Rg5+ Qxg5 23. Qxg5+ Kh7 24. Bxf6 Bxf6 25. Qxf6 Rg8 26. Re5 Rxg2+ 27. Kxg2 Bb7+ 28. f3 Bxf3+ 29. Kf2 c4 30. Rg5 Bh5 31. Qg7# 1-0


[Site "https://www.chess.com"]

[Event "Titled Tuesday Blitz September 28 2021"]
[White "Martin Carmona, Gaston Manuel"]
[Black "Stribuk, Artiom"]
[WhiteFideId "22284567"]
[BlackFideId "13515659"]
[WhiteElo "2161"]
[BlackElo "2224"]
[Result "0-1"]
[Round "02"]
[TimeControl "180+1"]
[Date "2021.09.28"]
[WhiteClock "0:00:11"]
[BlackClock "0:00:06"]

1. e4 c5 2. Nf3 Nc6 3. d4 cxd4 4. Nxd4 Nf6 5. Nc3 e5 6. Ndb5 d6 7. Bg5 a6 8. Na3 b5 9. Bxf6 gxf6 10. Nd5 f5 11. Bd3 Be6 12. c3 Bg7 13. Nxb5 axb5 14. Bxb5 Bd7 15. exf5 O-O 16. O-O Re8 17. Qg4 Kh8 18. Qe4 Rb8 19. a4 Qg5 20. h4 Qh5 21. f6 Bh6 22. Rfd1 Rg8 23. Be2 Bg4 24. f3 Bf5 25. Qc4 Rxb2 26. Ne7 Nxe7 27. fxe7 Be3+ 28. Kf1 Bh3 29. e8=Q Bxg2+ 30. Ke1 Rxe8 31. Qe4 Qg6 32. Qxe3 Qg3+ 33. Qf2 Qh2 34. Rd2 Qh1+ 35. Bf1 Bxf1 36. Rxb2 Bc4+ 37. Kd2 Qxa1 38. Qb6 Qf1 39. Qe3 Rg8 0-1


[Site "https://www.chess.com"]

[Event "Titled Tuesday Blitz September 28 2021"]
[White "Maze, Sebastien"]
[Black "Pasti, Aron"]
[WhiteFideId "613762"]
[BlackFideId "785857"]
[WhiteElo "2462"]
[BlackElo "2080"]
[Result "0-1"]
[Round "02"]
[TimeControl "180+1"]
[Date "2021.09.28"]
[WhiteClock "0:00:06"]
[BlackClock "0:00:06"]

1. e4 c5 2. Nf3 e6 3. c4 Nc6 4. Nc3 Nd4 5. Nxd4 cxd4 6. Ne2 Qb6 7. Ng3 Ne7 8. Bd3 Nc6 9. Bc2 g6 10. O-O h5 11. d3 h4 12. Ne2 h3 13. g3 Bg7 14. a3 O-O 15. b4 d5 16. exd5 exd5 17. c5 Qd8 18. Bf4 Ne5 19. Bxe5 Bxe5 20. Qd2 Bf5 21. Kh1 Qf6 22. Ng1 Bg4 23. Bd1 Be6 24. Bf3 Qg7 25. Rfe1 Rfe8 26. Re2 g5 27. Rae1 f6 28. Nxh3 Bxh3 29. Bxd5+ Kh8 30. f4 Qd7 31. Bf3 gxf4 32. gxf4 Bc7 33. f5 Be5 34. Re4 Bxf5 35. Rh4+ Bh7 36. Qh6 Re7 37. Be4 Rg8 38. Rf1 Reg7 39. Rh3 f5 40. c6 bxc6 41. Bxc6 Qe7 42. Bd5 Rf8 43. Bf3 Qg5 44. Qxg5 Rxg5 45. Re1 Bf6 46. Re6 Bg7 47. Rg3 Rxg3 48. hxg3 f4 49. g4 Bxd3 50. Re7 Kg8 51. Rxa7 Bg6 52. b5 d3 53. b6 d2 54. Rd7 Bc3 55. b7 Rb8 56. Rc7 Be5 57. Rc8+ Kg7 58. Kg2 Bc2 59. Rxc2 Bd6 60. Rxd2 Bxa3 61. Rd6 Bxd6 62. Be4 Bc7 63. Kf3 Kf6 64. Bd5 Kg5 65. Be4 Rd8 66. Bc6 Bb8 67. Ke4 Rd6 68. Bd5 Rb6 69. Kf3 Rb4 70. Bc6 Rc4 71. Bd5 Rc3+ 72. Ke4 Kxg4 0-1


[Site "https://www.chess.com"]

[Event "Titled Tuesday Blitz September 28 2021"]
[White "Moksh Amit Doshi"]
[Black "Van Kooten, Luuk"]
[WhiteFideId "25064967"]
[BlackFideId "1006533"]
[WhiteElo "2245"]
[BlackElo "2369"]
[Result "1-0"]
[Round "02"]
[TimeControl "180+1"]
[Date "2021.09.28"]
[WhiteClock "0:01:30"]
[BlackClock "0:00:20"]

1. d4 Nf6 2. c4 c5 3. d5 e6 4. Nc3 exd5 5. cxd5 d6 6. e4 g6 7. Nf3 a6 8. a4 Bg4 9. h3 Bxf3 10. Qxf3 Bg7 11. Bd3 O-O 12. O-O Nbd7 13. Qd1 Rb8 14. Bf4 Ne8 15. Re1 Ne5 16. Bf1 Nc7 17. Qd2 b5 18. axb5 axb5 19. Ra7 b4 20. Nd1 Nb5 21. Ra6 Nd4 22. Bxe5 Bxe5 23. Ne3 Qg5 24. Qd1 Ra8 25. Qg4 Qxg4 26. Nxg4 Rxa6 27. Bxa6 Ra8 28. Bc4 Bg7 29. f4 h5 30. Nf2 Bh6 31. Nd3 g5 32. e5 gxf4 33. exd6 Rd8 34. Nxc5 Rxd6 35. Ne4 Rg6 36. Rd1 Bg7 37. d6 Nf3+ 38. Kh1 Ne5 39. d7 Nxd7 40. Rxd7 Bxb2 41. Bxf7+ 1-0


[Site "https://www.chess.com"]

[Event "Titled Tuesday Blitz September 28 2021"]
[White "Moroni, Luca Jr"]
[Black "Petesch, Gabriel"]
[WhiteFideId "865834"]
[BlackFideId "2032465"]
[WhiteElo "2491"]
[BlackElo "2374"]
[Result "1-0"]
[Round "02"]
[TimeControl "180+1"]
[Date "2021.09.28"]
[WhiteClock "0:00:09"]
[BlackClock "0:00:01"]

1. d4 Nf6 2. c4 e6 3. Nc3 Bb4 4. Nf3 b6 5. Qb3 c5 6. dxc5 Bxc5 7. Bf4 O-O 8. e3 Bb7 9. Rd1 d5 10. cxd5 exd5 11. Be2 h6 12. O-O Qe7 13. Nd4 Nbd7 14. a3 Bxd4 15. Rxd4 Nc5 16. Qc2 Ne6 17. Rd2 d4 18. Nb5 Nd5 19. Bd6 Qg5 20. h4 Qxh4 21. Nxd4 Nxd4 22. Rxd4 Qg5 23. Bf3 Rfd8 24. Bg3 Rac8 25. Qd2 h5 26. Rd1 h4 27. Bxh4 Qf5 28. Bxd8 Rc2 29. e4 Rxd2 30. exf5 Rxd1+ 31. Rxd1 1-0


[Site "https://www.chess.com"]

[Event "Titled Tuesday Blitz September 28 2021"]
[White "Mostbauer, Florian"]
[Black "Azarov, Sergei"]
[WhiteFideId "1626671"]
[BlackFideId "13501470"]
[WhiteElo "2272"]
[BlackElo "2494"]
[Result "0-1"]
[Round "02"]
[TimeControl "180+1"]
[Date "2021.09.28"]
[WhiteClock "0:00:06"]
[BlackClock "0:00:48"]

1. d4 f5 2. g3 Nf6 3. Bg2 e6 4. Nd2 Be7 5. e4 fxe4 6. Nxe4 O-O 7. Nxf6+ Bxf6 8. Ne2 Nc6 9. O-O d6 10. c3 e5 11. dxe5 Nxe5 12. Nf4 Kh8 13. Nd5 Bg4 14. f3 Bh5 15. Nxf6 Qxf6 16. Bf4 Bg6 17. Bxe5 dxe5 18. Qe2 Rad8 19. Rad1 a5 20. Rfe1 h6 21. Rxd8 Rxd8 22. Qxe5 Qb6+ 23. Kh1 Re8 24. Qxe8+ Bxe8 25. Rxe8+ Kh7 26. f4 Qxb2 27. Be4+ g6 28. Re7+ Kg8 29. Bd5+ Kf8 30. Rf7+ Ke8 31. c4 Qf2 32. h3 Qxg3 33. Rxc7 Qxh3+ 34. Kg1 Qg3+ 35. Kh1 b6 36. Rf7 Qe1+ 37. Kg2 Qd2+ 38. Kf3 Qxd5+ 39. cxd5 Kxf7 0-1


[Site "https://www.chess.com"]

[Event "Titled Tuesday Blitz September 28 2021"]
[White "Nakamura, Hikaru"]
[Black "Hjartarson, Johann"]
[WhiteFideId "2016192"]
[BlackFideId "2300044"]
[WhiteElo "3200"]
[BlackElo "2595"]
[Result "1-0"]
[Round "02"]
[TimeControl "180+1"]
[Date "2021.09.28"]
[WhiteClock "0:00:52"]
[BlackClock "0:00:12"]

1. Nf3 Nf6 2. b3 b5 3. e3 a6 4. Na3 Bb7 5. c4 b4 6. Nc2 e6 7. d4 c5 8. Bb2 Be7 9. Bd3 O-O 10. O-O a5 11. a3 d5 12. axb4 cxb4 13. c5 Nc6 14. Qe2 Ne4 15. Ra2 f5 16. Rfa1 Bf6 17. Bb5 Qc7 18. Nce1 g5 19. Nd3 g4 20. Nfe1 h5 21. Nf4 Nd8 22. Nxh5 Bh8 23. Nd3 Bc6 24. Ndf4 Ng5 25. Ng6 Qh7 26. Nhf4 Rf6 27. Nxh8 Rh6 28. h3 gxh3 29. g3 Kxh8 30. Rxa5 Rxa5 31. Rxa5 Bxb5 32. Rxb5 h2+ 33. Kh1 Qa7 34. Rb6 Qa2 35. Qc2 Ne4 36. Nd3 Nf7 37. c6 Nfd6 38. c7 1-0


[Site "https://www.chess.com"]

[Event "Titled Tuesday Blitz September 28 2021"]
[White "Nastore, Pavel-Alexandru"]
[Black "Parkhov, Yair"]
[WhiteFideId "1255002"]
[BlackFideId "2813408"]
[WhiteElo "1763"]
[BlackElo "2131"]
[Result "0-1"]
[Round "02"]
[TimeControl "180+1"]
[Date "2021.09.28"]
[WhiteClock "0:00:40"]
[BlackClock "0:00:57"]

1. e4 c6 2. d4 d5 3. e5 Bf5 4. Nf3 e6 5. Be2 c5 6. Be3 cxd4 7. Nxd4 Ne7 8. Bg5 Be4 9. f3 Bg6 10. Bb5+ Nd7 11. Nc3 a6 12. Ba4 b5 13. Bb3 h6 14. Bf4 Nf5 15. Nxf5 Bxf5 16. O-O Bc5+ 17. Kh1 O-O 18. Ne2 Qb6 19. c3 Be3 20. Bg3 a5 21. Nd4 Bh7 22. Re1 Bxd4 23. cxd4 a4 24. Bc2 Bxc2 25. Qxc2 Qxd4 26. Qc6 Nc5 27. Rad1 Nd3 28. Qxb5 Qc4 29. Qxc4 dxc4 30. b3 Nxe1 0-1


[Site "https://www.chess.com"]

[Event "Titled Tuesday Blitz September 28 2021"]
[White "Nazaretyan, Tigran"]
[Black "Sjugirov, Sanan"]
[WhiteFideId "24162345"]
[BlackFideId "4189302"]
[WhiteElo "2589"]
[BlackElo "2985"]
[Result "0-1"]
[Round "02"]
[TimeControl "180+1"]
[Date "2021.09.28"]
[WhiteClock "0:00:16"]
[BlackClock "0:01:31"]

1. d4 Nf6 2. c4 e6 3. Nf3 b6 4. a3 Bb7 5. Nc3 Ne4 6. Nxe4 Bxe4 7. Bf4 d6 8. e3 Nd7 9. Bd3 Bb7 10. e4 e5 11. dxe5 dxe5 12. Nxe5 Bd6 13. Nxf7 Kxf7 14. Bxd6 cxd6 15. O-O Qf6 16. b4 Rhf8 17. c5 dxc5 18. Bc4+ Ke7 19. Qe2 Rae8 20. Rad1 Ne5 21. Bb5 Rd8 22. bxc5 bxc5 23. Qe3 Rd4 24. f3 Rfd8 25. Rc1 c4 26. f4 Ng4 27. Qg3 h5 28. e5 Qb6 29. Qh4+ Kf8 30. Qxh5 Rd1+ 31. Kh1 Nf2+ 32. Kg1 Nh3+ 33. Kh1 Qg1+ 34. Rxg1 Nf2# 0-1


[Site "https://www.chess.com"]

[Event "Titled Tuesday Blitz September 28 2021"]
[White "Noboa Silva, Kevin"]
[Black "Demidov, Mikhail"]
[WhiteFideId "3618471"]
[BlackFideId "4197143"]
[WhiteElo "2570"]
[BlackElo "2911"]
[Result "0-1"]
[Round "02"]
[TimeControl "180+1"]
[Date "2021.09.28"]
[WhiteClock "0:00:01"]
[BlackClock "0:00:15"]

1. d4 g6 2. e4 Bg7 3. Nf3 d6 4. Bd3 Nc6 5. c3 Nf6 6. O-O O-O 7. Re1 e5 8. h3 Nh5 9. dxe5 dxe5 10. Bg5 Qe8 11. Nbd2 h6 12. Be3 Nf4 13. Bb5 a6 14. Bf1 Qe7 15. b4 Rd8 16. Qc2 Be6 17. Nc4 g5 18. a4 Qf6 19. Nfd2 Ne7 20. b5 h5 21. bxa6 Rxa6 22. Rab1 Bc8 23. Rb5 Re6 24. Nb3 c6 25. Ra5 Neg6 26. Ra8 Nh4 27. Nc5 Ree8 28. Nb6 Nxh3+ 29. gxh3 Nf3+ 30. Kh1 Nxe1 31. Qe2 Nf3 32. Nxc8 Rxc8 33. Rxc8 Rxc8 34. Nxb7 g4 35. Nc5 Bh6 36. Nd7 Qd6 37. Bxh6 Qxh6 38. a5 Qf4 39. Nf6+ Kh8 40. Nxg4 hxg4 0-1


[Site "https://www.chess.com"]

[Event "Titled Tuesday Blitz September 28 2021"]
[White "Nozdrachev, Leonid"]
[Black "Kekic, Armin"]
[WhiteFideId "24113433"]
[BlackFideId "14401274"]
[WhiteElo "2196"]
[BlackElo "2308"]
[Result "1-0"]
[Round "02"]
[TimeControl "180+1"]
[Date "2021.09.28"]
[WhiteClock "0:00:44"]
[BlackClock "0:01:19"]

1. e4 c5 2. c3 Nf6 3. e5 Nd5 4. d4 d6 5. Nf3 e6 6. Bc4 Nb6 7. Bb5+ Bd7 8. Bd3 Nc6 9. O-O Rc8 10. a3 Be7 11. b4 cxd4 12. cxd4 dxe5 13. dxe5 Nd5 14. Bb2 a5 15. b5 Na7 16. a4 h6 17. Ba3 Nb4 18. Be4 Qb6 19. Nbd2 O-O 20. Qe2 Qc7 21. Rfc1 Qb8 22. Nc4 Bc5 23. Nxa5 b6 24. Nb3 Rfd8 25. Nxc5 bxc5 26. h4 Be8 27. Nd2 Qxe5 28. Bh7+ 1-0


[Site "https://www.chess.com"]

[Event "Titled Tuesday Blitz September 28 2021"]
[White "Omariev, Maksim"]
[Black "Yanchenko, Roman"]
[WhiteFideId "4193423"]
[BlackFideId "4137329"]
[WhiteElo "2464"]
[BlackElo "2514"]
[Result "0-1"]
[Round "02"]
[TimeControl "180+1"]
[Date "2021.09.28"]
[WhiteClock "0:00:06"]
[BlackClock "0:02:36"]

1. g4 d5 2. Bg2 e5 3. d4 e4 4. h3 h5 5. g5 Bd6 6. c4 c6 7. Nc3 Ne7 8. Qb3 O-O 9. Bd2 Bc7 10. O-O-O Be6 11. Qxb7 Nd7 12. Qa6 Nb6 13. c5 Nc4 14. e3 Ba5 15. Nb1 Qb8 16. b3 Bc8 17. Qxa5 Nxa5 18. Bxa5 Ba6 19. Bf1 Bxf1 20. Rxf1 Qb5 0-1


[Site "https://www.chess.com"]

[Event "Titled Tuesday Blitz September 28 2021"]
[White "OnePeculiarConundrum"]
[Black "Gelman, Alexander"]
[BlackFideId "4118316"]
[WhiteElo "2399"]
[BlackElo "2375"]
[Result "0-1"]
[Round "02"]
[TimeControl "180+1"]
[Date "2021.09.28"]
[WhiteClock "0:01:27"]
[BlackClock "0:01:01"]

1. e4 c5 2. Nf3 d6 3. Bb5+ Bd7 4. Bxd7+ Nxd7 5. O-O Ngf6 6. Re1 e6 7. c3 Be7 8. d4 O-O 9. Nbd2 cxd4 10. cxd4 Rc8 11. e5 dxe5 12. dxe5 Nd5 13. Ne4 Nc5 14. Nxc5 Bxc5 15. Bg5 Qb6 16. Qe2 h6 17. Bh4 Rc7 18. Bg3 Rfc8 19. h3 Bb4 20. Reb1 Rc2 21. Qe4 a5 22. a3 Be7 23. Qd3 Rxb2 24. Rxb2 Qxb2 25. Rb1 Rc1+ 26. Rxc1 Qxc1+ 27. Kh2 Qxa3 28. Qb5 Qb4 29. Qe8+ Bf8 30. Nh4 a4 31. Ng6 a3 32. Bh4 fxg6 33. Qxe6+ Kh7 34. Qxd5 Qxh4 35. Qxb7 Qf4+ 36. Kg1 Qxe5 37. Qa8 Bc5 38. Qa4 Qe1+ 39. Kh2 Bxf2 40. h4 Qg1+ 41. Kh3 Qh1+ 42. Kg4 Qxh4+ 43. Kf3 Qxa4 44. g4 a2 45. g5 a1=Q 0-1


[Site "https://www.chess.com"]

[Event "Titled Tuesday Blitz September 28 2021"]
[White "Onyshchuk, Volodymyr"]
[Black "Real De Azua, Ernesto"]
[WhiteFideId "14114038"]
[BlackFideId "108154"]
[WhiteElo "2603"]
[BlackElo "2476"]
[Result "1-0"]
[Round "02"]
[TimeControl "180+1"]
[Date "2021.09.28"]
[WhiteClock "0:00:37"]
[BlackClock "0:00:04"]

1. e4 c6 2. d4 d5 3. Nc3 dxe4 4. Nxe4 Bf5 5. Ng3 Bg6 6. c3 e6 7. Nh3 Bd6 8. Nf4 Qc7 9. Qf3 Nd7 10. Nxg6 hxg6 11. Ne4 Ngf6 12. Nxd6+ Qxd6 13. g3 O-O-O 14. Bg2 e5 15. O-O e4 16. Qe2 Qe6 17. h4 Rde8 18. Re1 Qf5 19. Bg5 Re6 20. c4 Rhe8 21. Rac1 Kb8 22. Bf4+ Ka8 23. Red1 Qg4 24. Qxg4 Nxg4 25. Bh3 Ndf6 26. d5 R6e7 27. d6 Rd7 28. Bg5 e3 29. fxe3 Re4 30. c5 Nd5 31. Rd4 Rxd4 32. exd4 f5 33. Re1 a5 34. Bxg4 fxg4 35. Re8+ Ka7 36. Rd8 Rf7 37. d7 Rf3 38. Ra8+ Kxa8 39. d8=Q+ Ka7 40. Qxa5+ Kb8 41. Kg2 1-0


[Site "https://www.chess.com"]

[Event "Titled Tuesday Blitz September 28 2021"]
[White "Oparin, Grigoriy"]
[Black "AleksanderHnydiuk"]
[WhiteFideId "24125890"]
[WhiteElo "2604"]
[BlackElo "2567"]
[Result "1-0"]
[Round "02"]
[TimeControl "180+1"]
[Date "2021.09.28"]
[WhiteClock "0:01:00"]
[BlackClock "0:00:02"]

1. e4 c5 2. Nf3 d6 3. Nc3 a6 4. d4 cxd4 5. Nxd4 Nf6 6. h3 e6 7. g4 Nfd7 8. Bg2 Be7 9. Be3 Nc6 10. Qd2 O-O 11. O-O Nxd4 12. Bxd4 b5 13. e5 d5 14. Ne2 a5 15. f4 Ba6 16. Rf3 Rc8 17. f5 Bg5 18. Nf4 Qc7 19. Re1 Bxf4 20. Qxf4 Qxc2 21. f6 Qg6 22. h4 h6 23. Bf1 gxf6 24. exf6 e5 25. Bxe5 Nxe5 26. Rxe5 Rfe8 27. Bd3 Rc1+ 28. Kh2 Rc2+ 29. Kg3 Rxe5 30. Bxg6 Ree2 31. Bxc2 Rxc2 32. Qxh6 1-0


[Site "https://www.chess.com"]

[Event "Titled Tuesday Blitz September 28 2021"]
[White "Ozates, Tuna"]
[Black "Urazayev, Arystanbek"]
[WhiteFideId "6354521"]
[BlackFideId "13709810"]
[WhiteElo "1872"]
[BlackElo "2321"]
[Result "0-1"]
[Round "02"]
[TimeControl "180+1"]
[Date "2021.09.28"]
[WhiteClock "0:00:54"]
[BlackClock "0:00:09"]

1. e4 c5 2. Nf3 e6 3. d4 cxd4 4. Nxd4 Nc6 5. Nc3 Qc7 6. g3 a6 7. Bg2 Nf6 8. O-O Nxd4 9. Qxd4 Bc5 10. Qd3 d6 11. Kh1 h5 12. Be3 h4 13. Bxc5 Qxc5 14. Rad1 Ng4 15. Qf3 e5 16. h3 Nf6 17. g4 Be6 18. Rd3 Bc4 19. g5 Bxd3 20. cxd3 Nh5 21. Nd5 Nf4 22. Nxf4 exf4 23. Qxf4 O-O 24. Qxh4 Qd4 25. f4 Qxd3 26. f5 Rac8 27. f6 Qd4 28. fxg7 Qxg7 29. Rf6 Rc1+ 30. Kh2 Rc5 31. e5 Rxe5 32. Be4 Rfe8 33. g6 Rxe4 34. gxf7+ Qxf7 35. Qg5+ Qg7 36. Qd5+ Kh8 37. Qh5+ Kg8 38. Qd5+ R8e6 39. Rxe6 Qxb2+ 40. Kg3 Qc3+ 41. Kf2 Qe3+ 42. Kg2 Rxe6 43. Qxb7 Qe4+ 0-1


[Site "https://www.chess.com"]

[Event "Titled Tuesday Blitz September 28 2021"]
[White "Pavlidis, Anastasios"]
[Black "Aldokhin, Ivan"]
[WhiteFideId "4208404"]
[BlackFideId "24115720"]
[WhiteElo "2136"]
[BlackElo "2265"]
[Result "1-0"]
[Round "02"]
[TimeControl "180+1"]
[Date "2021.09.28"]
[WhiteClock "0:00:53"]
[BlackClock "0:00:06"]

1. d4 Nf6 2. c4 g6 3. Nc3 Bg7 4. e4 d6 5. Nf3 O-O 6. Be2 Nc6 7. d5 Nb4 8. O-O Re8 9. a3 Na6 10. Nd4 Nc5 11. f3 a5 12. Rb1 a4 13. Be3 e5 14. Ndb5 Nfd7 15. Re1 f5 16. Bf2 Rf8 17. exf5 gxf5 18. Bd3 e4 19. fxe4 f4 20. Be2 Ne5 21. Bxc5 dxc5 22. Bf3 Qh4 23. Rf1 Nxc4 24. Qe1 Qd8 25. e5 Nxe5 26. d6 c6 27. Nc7 Rb8 28. Ne4 Bf5 29. Rd1 b6 30. Kh1 Qd7 31. Qh4 Nxf3 32. gxf3 Bg6 33. Rg1 Rbe8 34. Nxe8 Rxe8 35. Nf6+ Bxf6 36. Qxf6 Re6 37. Qxf4 Kg7 38. Rge1 Bf7 39. Rxe6 Bxe6 40. Rg1+ 1-0


[Site "https://www.chess.com"]

[Event "Titled Tuesday Blitz September 28 2021"]
[White "Perez Molina, Robinson"]
[Black "Pichot, Alan"]
[WhiteFideId "3403882"]
[BlackFideId "110973"]
[WhiteElo "2252"]
[BlackElo "2600"]
[Result "0-1"]
[Round "02"]
[TimeControl "180+1"]
[Date "2021.09.28"]
[WhiteClock "0:00:39"]
[BlackClock "0:01:30"]

1. Nf3 Nf6 2. c4 e6 3. Nc3 d5 4. d4 Nbd7 5. Bg5 c6 6. e3 h6 7. Bh4 Bd6 8. cxd5 exd5 9. Qc2 O-O 10. O-O-O Qa5 11. g4 Ne4 12. Bd3 Nxc3 13. bxc3 Nb6 14. Rhg1 Na4 15. g5 h5 16. g6 f6 17. Kb1 Nxc3+ 18. Ka1 Nxd1 19. Rxd1 Bg4 20. Be2 Bb4 21. Rc1 Rfe8 22. Ng1 Re4 23. f3 Rxe3 24. fxg4 Bc3+ 25. Kb1 Bxd4 0-1


[Site "https://www.chess.com"]

[Event "Titled Tuesday Blitz September 28 2021"]
[White "Petukhov, Dmitry"]
[Black "Madaminov, Mukhiddin"]
[WhiteFideId "4142748"]
[BlackFideId "14210703"]
[WhiteElo "2356"]
[BlackElo "1855"]
[Result "0-1"]
[Round "02"]
[TimeControl "180+1"]
[Date "2021.09.28"]
[WhiteClock "0:00:12"]
[BlackClock "0:00:18"]

1. e4 e5 2. Nf3 Nc6 3. Bb5 a6 4. Ba4 Nf6 5. O-O Be7 6. Re1 O-O 7. Bb3 d6 8. h3 b5 9. c3 Nb8 10. d4 Nbd7 11. Nbd2 Re8 12. Nf1 Bf8 13. Ng3 g6 14. Ng5 Re7 15. Qf3 h6 16. dxe5 dxe5 17. Rd1 Qe8 18. Nxf7 Rxf7 19. a4 bxa4 20. Rxa4 Kg7 21. Bxf7 Qxf7 22. Ra5 Bd6 23. Qe3 Ng8 24. Qe2 Bb7 25. Qg4 Kh7 26. Be3 Rf8 27. h4 Ndf6 28. Qf3 h5 29. Bg5 Qb3 30. Qe2 Ng4 31. f3 Qb6+ 32. Kf1 Nh2+ 33. Ke1 Qxa5 34. Qc4 Qb5 35. Qe6 Qe8 36. Qc4 Qf7 37. Qd3 Ng4 38. Nf5 gxf5 39. exf5 Qxf5 40. Qxf5+ Rxf5 41. fxg4 hxg4 42. Ke2 Bxg2 43. Ke3 Bf3 44. Ra1 Bc5+ 0-1


[Site "https://www.chess.com"]

[Event "Titled Tuesday Blitz September 28 2021"]
[White "Przybylski, Wojciech"]
[Black "Warmerdam, Max"]
[WhiteFideId "1117599"]
[BlackFideId "1048104"]
[WhiteElo "2285"]
[BlackElo "2537"]
[Result "0-1"]
[Round "02"]
[TimeControl "180+1"]
[Date "2021.09.28"]
[WhiteClock "0:00:02"]
[BlackClock "0:00:48"]

1. e4 c5 2. Nf3 d6 3. Bb5+ Nd7 4. a4 Nf6 5. Nc3 a6 6. Bc4 b6 7. O-O e6 8. Ng5 h6 9. Nh3 Bb7 10. Qe2 Be7 11. f4 d5 12. exd5 exd5 13. Ba2 O-O 14. d3 Bd6 15. Bd2 Re8 16. Qf2 Nf8 17. Rae1 Qd7 18. Kh1 b5 19. Rxe8 Rxe8 20. axb5 axb5 21. Ng1 c4 22. Nf3 d4 23. Qxd4 Ne6 24. Qb6 b4 25. Ne4 Nxe4 26. dxe4 Bc5 27. Ne5 Qc8 28. Qb5 Ba6 29. Qd7 Qxd7 30. Nxd7 b3 31. Nxc5 Nxc5 32. Bb1 bxc2 33. Bxc2 c3 34. Ra1 cxd2 35. b4 Bd3 36. Bd1 Nxe4 37. Kg1 Nc3 38. b5 Nxd1 0-1


[Site "https://www.chess.com"]

[Event "Titled Tuesday Blitz September 28 2021"]
[White "Quparadze, Giga"]
[Black "Suvorov, Alexander"]
[WhiteFideId "13602250"]
[BlackFideId "12977063"]
[WhiteElo "2935"]
[BlackElo "2572"]
[Result "1-0"]
[Round "02"]
[TimeControl "180+1"]
[Date "2021.09.28"]
[WhiteClock "0:00:24"]
[BlackClock "0:00:17"]

1. e4 g6 2. d4 Bg7 3. Nc3 d6 4. Nge2 Nd7 5. h4 h6 6. Be3 e5 7. Qd2 Ngf6 8. f3 Nb6 9. b3 exd4 10. Bxd4 O-O 11. O-O-O c5 12. Bxc5 Ne8 13. Bd4 Be6 14. Bxg7 Kxg7 15. h5 g5 16. f4 gxf4 17. Nxf4 Qf6 18. g4 Rc8 19. Nfe2 Qe5 20. Rg1 f6 21. Nd4 Rf7 22. Bh3 Rfc7 23. Nxe6+ Qxe6 24. g5 Qxh3 25. gxf6+ Kh7 26. Rg6 Qxh5 27. f7 Rxf7 28. Rg3 Qh4 29. Ne2 Nf6 30. Qxd6 Nxe4 31. Qg6+ Kh8 32. Rg4 Qf6 33. Qxe4 Qa1+ 34. Kd2 Rd8+ 35. Nd4 Qxa2 36. Rh1 Qa5+ 37. Ke2 Rd6 38. Qe8+ Kh7 39. Qg8# 1-0


[Site "https://www.chess.com"]

[Event "Titled Tuesday Blitz September 28 2021"]
[White "Redzisz, Michal"]
[Black "Korchmar, Vasiliy"]
[WhiteFideId "21816107"]
[BlackFideId "24131750"]
[WhiteElo "1935"]
[BlackElo "2370"]
[Result "0-1"]
[Round "02"]
[TimeControl "180+1"]
[Date "2021.09.28"]
[WhiteClock "0:00:01"]
[BlackClock "0:00:05"]

1. c4 e5 2. Nc3 Nc6 3. g3 Bc5 4. Bg2 d6 5. e4 a6 6. Nge2 h5 7. h4 Bg4 8. f3 Be6 9. d3 f5 10. Bg5 Qd7 11. Qd2 Nge7 12. Nd5 Bxd5 13. exd5 Nd4 14. Nxd4 Bxd4 15. Be3 c5 16. Bxd4 cxd4 17. O-O O-O 18. f4 Ng6 19. Qe2 exf4 20. Qxh5 Ne5 21. Rxf4 Nxd3 22. Rxd4 Ne5 23. Rf1 Qc7 24. Rdf4 Qb6+ 25. Kh1 Qe3 26. Qg5 Qd3 27. Rxf5 Rxf5 28. Qxf5 Qxg3 29. Rf4 Re8 30. Be4 g6 31. Qg5 Qe1+ 32. Kg2 Qe2+ 33. Kh1 Qe1+ 34. Kg2 Qe2+ 35. Kh1 Kg7 36. h5 Rh8 37. Qe7+ Kh6 38. Rh4 Qe1+ 39. Kg2 Qe2+ 40. Kh1 Qf1+ 41. Kh2 Qf2+ 42. Kh1 g5 43. Qf6+ Qxf6 0-1


[Site "https://www.chess.com"]

[Event "Titled Tuesday Blitz September 28 2021"]
[White "Riehle, Marco"]
[Black "Moskalenko, Alexander"]
[WhiteFideId "12904392"]
[BlackFideId "4155351"]
[WhiteElo "2462"]
[BlackElo "2515"]
[Result "1-0"]
[Round "02"]
[TimeControl "180+1"]
[Date "2021.09.28"]
[WhiteClock "0:01:16"]
[BlackClock "0:00:17"]

1. e4 d6 2. d4 Nf6 3. f3 e5 4. d5 g6 5. Be3 Nfd7 6. Qd2 a5 7. c4 Nc5 8. Nc3 f5 9. exf5 gxf5 10. O-O-O Bg7 11. g4 fxg4 12. fxg4 Bxg4 13. Be2 Qh4 14. Nf3 Bxf3 15. Bxf3 O-O 16. Be2 Nba6 17. Rhg1 Kh8 18. Rg4 Qh3 19. Rdg1 Rf7 20. R4g3 Qh4 21. Rg4 Qe7 22. Bd1 Nb4 23. Bxc5 dxc5 24. a3 Qf8 25. axb4 Bh6 26. Rg8+ Qxg8 27. Rxg8+ Kxg8 28. Qxh6 axb4 29. Ne4 Rf4 30. Qg5+ Kf8 31. Qxe5 Ra1+ 32. Kd2 Rxe4 33. Qxe4 1-0


[Site "https://www.chess.com"]